Map: 2000 Atmospheres LE

Players

HeroMarine - Winner!

  • Race: Terran Terran
  • League: Grandmaster

LiquidClem (Clem)

  • Race: Terran Terran
  • League: Grandmaster

Event: DreamHack SC2 Masters 2021 Summer

VOD

Have the link to the VOD?

Description

Time

  • Played on: July 2, 2021, 9:26 a.m.
  • Length: 24:17

All games in this series

Show
View Real Time Build Order
Export as new Build Order

HeroMarine Terran - Winner!

Build Orders:  

Get SALT Encoding   

  12  0:00  SCV  
  13  0:12  SCV  
  14  0:17  Supply Depot  
  14  0:24  SCV  
  15  0:38  SCV  
  15  0:39  Barracks  
  16  0:43  Refinery  
  16  0:50  SCV  
  16  0:54  Refinery  
  17  1:02  SCV  
  18  1:15  SCV  
  19  1:26  Reaper  
  19  1:27  Supply Depot, Orbital Command  
  20  1:42  Factory  
  20  1:52  SCV  
  21  1:59  Reaper  
  22  2:04  SCV  
  23  2:15  Command Center  
  23  2:17  SCV  
  24  2:26  Hellion  
  24  2:29  SCV  
  27  2:35  Barracks Reactor, Supply Depot  
  27  2:41  SCV  
  28  2:47  Widow Mine  
  30  2:53  SCV  
  30  2:54  Starport  
  31  3:05  SCV  
  32  3:09  Factory Tech Lab  
  32  3:12  Marine x2  
  34  3:14  Refinery  
  34  3:17  SCV  
  38  3:27  Cyclone  
  38  3:29  Orbital Command  
  38  3:30  SCV, Starport Tech Lab  
  39  3:36  Marine  
  39  3:37  Marine  
  41  3:42  SCV  
  42  3:48  Supply Depot  
  42  3:49  Raven  
  42  3:54  SCV, Marine x2  
  47  3:55  SCV  
  48  4:04  Siege Tank  
  48  4:06  SCV  
  48  4:07  SCV  
  53  4:12  Marine x2  
  55  4:18  SCV  
  55  4:20  SCV, Supply Depot  
  57  4:30  SCV  
  58  4:31  Raven  
  58  4:32  SCV  
  61  4:41  Command Center  
  61  4:45  Siege Tank  
  64  4:48  SCV x2  
  64  4:49  Marine  
  64  4:50  Marine  
  68  4:54  Supply Depot  
  68  4:57  Refinery  
  68  4:59  Supply Depot  
  68  5:00  SCV  
  68  5:01  SCV  
  70  5:16  SCV x2  
  70  5:18  Siege Tank  
  75  5:28  SCV x2, Viking x2  
  81  5:30  Stimpack, Supply Depot  
  81  5:31  Marine  
  82  5:40  SCV x2  
  84  5:46  Barracks  
  84  5:49  Barracks  
  83  5:50  Siege Tank  
  83  5:52  SCV x2  
  83  5:54  Orbital Command  
  88  6:01  Viking  
  89  6:04  SCV x2, Viking  
  89  6:09  Marine  
  94  6:15  Engineering Bay  
  94  6:16  SCV x2, Engineering Bay  
  96  6:22  Orbital Command  
  96  6:23  Siege Tank  
  100  6:28  SCV x2  
  99  6:33  Marine  
  100  6:40  SCV x2, Marine  
  100  6:41  Marine  
  100  6:42  Viking  
  100  6:44  Viking  
  108  6:48  Terran Infantry Weapons Level 1  
  109  6:58  SCV x2, Siege Tank  
  109  6:59  Barracks Reactor, Supply Depot  
  109  7:00  Barracks Reactor  
  109  7:01  Marine, Supply Depot  
  113  7:02  SCV  
  113  7:08  Sensor Tower  
  115  7:09  Refinery  
  115  7:10  SCV x2  
  115  7:11  Refinery  
  117  7:21  SCV, Viking x2  
  122  7:22  SCV x2  
  122  7:23  Supply Depot  
  121  7:30  Marine  
  121  7:33  SCV  
  121  7:35  SCV x2  
  125  7:42  Marine x2  
  118  7:44  Marine x2  
  118  7:45  SCV, Siege Tank  
  118  7:47  SCV x2  
  118  7:48  Marine  
  116  8:00  Marine x2  
  116  8:02  Marine x2  
  100  8:06  Marine, Medivac x2  
  100  8:07  Combat Shield  
  100  8:11  Barracks  
  102  8:14  Barracks  
  102  8:15  SCV  
  102  8:16  SCV, Refinery  
  102  8:17  SCV, Marine  
  102  8:18  Siege Tank, Marine  
  107  8:20  Marine x2  
  107  8:23  Marine  
  110  8:28  SCV x2  
  113  8:35  Sensor Tower, Marine x2  
  113  8:37  Medivac, Armory  
  113  8:38  Marine x2  
  118  8:41  Marine  
  118  8:42  Medivac  
  121  8:53  Marine x2  
  121  8:55  Siege Tank, Marine  
  125  8:56  Marine  
  125  8:57  Supply Depot  
  125  8:58  Supply Depot  
  125  8:59  Marine  
  125  9:00  Command Center  
  125  9:02  Barracks Reactor x2  
  128  9:03  Supply Depot  
  128  9:04  Supply Depot  
  128  9:11  Marine x2, Viking  
  128  9:12  Viking  
  128  9:13  Marine x2  
  128  9:15  Supply Depot x2  
  136  9:17  Marine  
  135  9:25  SCV x3  
  135  9:29  Terran Infantry Weapons Level 2, Marine x2  
  140  9:31  Terran Infantry Armor Level 1, Marine x2  
  140  9:35  Marine  
  140  9:47  Marine x2  
  140  9:49  Marine x2, Siege Tank  
  140  9:50  Marine x2  
  140  9:51  Viking x2  
  140  9:52  Marine x3  
  155  9:54  Supply Depot  
  156  10:04  Marine  
  156  10:05  Marine  
  156  10:07  Marine x2  
  158  10:08  Marine x2  
  158  10:09  Marine  
  158  10:10  Marine x2  
  158  10:12  SCV x2  
  158  10:13  SCV  
  160  10:21  Siege Tank  
  160  10:22  Marine x2  
  160  10:24  Marine, Medivac x2  
  160  10:25  Marine  
  160  10:26  Marine x2  
  160  10:27  Marine x2  
  160  10:28  Marine  
  166  10:40  Marine x2  
  166  10:42  Marine x2  
  153  10:43  Marine  
  153  10:44  Marine  
  153  10:45  Marine x2, Terran Vehicle Weapons Level 1  
  159  10:51  SCV x3  
  159  10:53  Factory  
  159  10:54  Medivac x2  
  149  10:58  Marine x2  
  149  10:59  Barracks Reactor  
  149  11:00  Marine x2  
  149  11:01  Marine x2  
  149  11:02  Siege Tank  
  149  11:03  Marine x2  
  155  11:10  SCV x2  
  155  11:11  SCV  
  158  11:16  Marine x2  
  158  11:18  Marine x2  
  161  11:19  Marine x2  
  161  11:21  Marine x2  
  166  11:26  SCV x4  
  166  11:31  Viking  
  170  11:32  Viking  
  170  11:33  Marine  
  170  11:34  Marine, Siege Tank  
  170  11:36  Marine x2  
  170  11:37  Marine x4  
  170  11:38  Marine  
  170  11:39  Marine  
  187  11:41  Planetary Fortress  
  187  11:45  Terran Infantry Armor Level 2  
  180  11:51  Marine x2  
  180  11:52  Siege Tank  
  180  11:53  Marine  
  180  11:54  Marine  
  186  11:57  Marine x2  
  186  12:00  Marine x2  
  190  12:04  Marine x2  
  190  12:06  Siege Tank  
  158  12:09  Marine x2  
  158  12:11  Marine x2  
  158  12:14  Marine x2  
  160  12:18  Marine x2  
  160  12:21  Marine  
  160  12:22  Marine  
  154  12:24  Siege Tank  
  154  12:27  Marine x2  
  154  12:29  Marine x2  
  161  12:32  Marine x2  
  161  12:36  Marine x2  
  165  12:39  Siege Tank, Marine x2  
  138  12:45  Marine  
  138  12:46  Marine  
  138  12:47  Marine x2  
  138  12:50  Marine x2  
  134  12:54  Marine x2  
  134  12:55  Medivac x2  
  134  12:56  Siege Tank  
  134  12:57  Marine x2  
  145  13:00  Refinery x2  
  145  13:02  Marine  
  145  13:03  Marine  
  145  13:05  Marine x2  
  148  13:08  Marine x2  
  148  13:11  Siege Tank, Marine  
  148  13:12  Marine  
  156  13:15  Marine x2  
  156  13:18  Command Center  
  152  13:20  Marine  
  152  13:21  Marine  
  152  13:23  Marine x2  
  152  13:25  Viking  
  152  13:26  Marine x2  
  160  13:29  Marine x2  
  160  13:33  Marine x2  
  164  13:37  Siege Tank  
  164  13:38  Marine  
  164  13:39  Marine  
  168  13:41  Marine x2  
  168  13:48  Siege Tank  
  170  13:53  Marine  
  154  13:57  Marine  
  154  13:58  Marine  
  154  14:00  Marine  
  154  14:01  Marine x3  
  141  14:03  Marine x2  
  141  14:09  Cyclone  
  138  14:10  Medivac  
  138  14:11  Medivac  
  138  14:12  Marine x2  
  138  14:16  Marine x2  
  146  14:19  Marine x2  
  146  14:20  Siege Tank  
  146  14:23  Marine x2  
  151  14:27  Marine x2  
  151  14:30  Marine x2  
  143  14:34  Marine x2  
  143  14:37  Marine x2  
  147  14:41  Siege Tank, Marine  
  147  14:42  Terran Infantry Weapons Level 3  
  151  14:48  Terran Infantry Armor Level 3  
  151  14:52  Siege Tank  
  151  14:56  Medivac  
  153  15:02  Marine x2, Medivac  
  153  15:04  Marine x2  
  159  15:07  Marine x2  
  159  15:11  Marine  
  161  15:23  Orbital Command  
  159  15:30  Viking  
  159  15:31  Viking  
  159  15:32  Siege Tank  
  161  15:40  Siege Tank, Marine  
  165  15:44  Marine x2  
  167  15:55  Sensor Tower  
  167  16:00  Viking  
  167  16:01  Viking  
  171  16:24  Siege Tank x2, Supply Depot  
  173  16:25  Supply Depot  
  173  16:29  Viking  
  173  16:31  Viking  
  164  16:55  Marine x2  
  164  16:56  Siege Tank x2  
  164  16:59  Marine x3, Viking  
  164  17:00  Marine  
  173  17:01  Viking  
  173  17:02  Marine  
  173  17:05  Marine  
  173  17:06  Marine  
  178  17:13  Marine  
  178  17:14  Marine x2  
  181  17:16  Sensor Tower  
  181  17:23  Marine  
  181  17:24  Marine  
  181  17:25  Marine x2  
  181  17:28  Siege Tank  
  181  17:29  Liberator  
  191  17:31  Viking  
  193  17:41  Siege Tank  
  190  17:47  Marine x3  
  190  17:49  Marine x2  
  190  17:50  Marine  
  186  18:00  Marine x3  
  186  18:01  Viking  
  191  18:11  Siege Tank  
  191  18:12  Viking  
  192  18:14  Marine x2  
  192  18:19  Marine x3  
  179  18:22  Marine  
  179  18:29  Siege Tank  
  185  18:34  Marine x2  
  185  18:38  Marine x2  
  189  18:48  Siege Tank  
  189  18:51  Marine x2  
  175  18:58  Marine x2  
  175  19:01  Siege Tank  
  180  19:04  Marine  
  180  19:05  Missile Turret  
  180  19:09  Liberator x2  
  182  19:13  Marine  
  183  19:18  Marine x2  
  183  19:20  Siege Tank  
  178  19:35  Siege Tank  
  178  19:37  Marine x2  
  182  19:41  Marine x2  
  182  19:45  Orbital Command  
  184  19:52  Marine x2, Viking  
  188  19:56  Siege Tank  
  176  20:04  Marine  
  166  20:27  Siege Tank  
  154  20:29  Marine x2  
  143  20:43  Marine x2  
  143  20:44  Marine  
  143  20:46  Marine  
  143  20:47  Marine  
  148  20:50  Marine  
  148  20:54  Marine  
  148  20:56  Marine  
  151  20:57  Orbital Command  
  146  21:10  Siege Tank x2  
  146  21:14  Marine x2  
  146  21:16  Marine  
  147  21:19  Marine  
  147  21:25  Marine  
  147  21:26  Marine x2  
  147  21:28  Marine  
  147  21:30  Marine x2  
  147  21:32  Marine  
  153  21:33  Marine  
  154  21:42  Siege Tank  
  154  21:43  Marine x2  
  159  21:52  Viking x2  
  157  21:56  Marine x2  
  157  22:00  Marine x2  
  157  22:01  Marine x2  
  135  22:04  Orbital Command  
  124  22:09  Marine  
  124  22:10  Marine  
  124  22:12  Marine  
  124  22:13  Marine  
  124  22:14  Marine x2  
  129  22:18  Marine x2  
  129  22:19  Marine  
  129  22:27  Marine  
  131  22:35  Viking  
  129  22:37  Viking  
  129  22:42  Marine  
  129  22:43  Marine x5  
  137  22:47  Orbital Command  
  137  22:50  Marine  
  137  22:51  Marine, Refinery x2  
  138  22:53  Marine  
  138  22:56  Marine  
  141  23:00  Marine x2  
  141  23:06  Marine  
  141  23:07  Marine x2  
  141  23:09  Marine  
  141  23:10  Marine x2  
  147  23:12  Marine  
  147  23:14  Marine  
  147  23:19  Marine x2  
  145  23:22  Siege Tank  
  145  23:24  Marine  
  142  23:27  Marine  
  142  23:28  Marine  
  142  23:29  Marine x2  
  142  23:32  Marine  
  142  23:35  Marine x2  
  143  23:42  Marine x2  
  143  23:46  Marine x2  
  143  23:48  Marine x2  
  141  23:49  Marine  
  141  23:50  Marine  
  141  23:52  Marine  
  141  23:53  Marine  
Show
View Real Time Build Order
Export as new Build Order

LiquidClem Terran 

Build Orders:  

Get SALT Encoding   

  12  0:00  SCV  
  13  0:12  SCV  
  14  0:16  Supply Depot  
  14  0:24  SCV  
  15  0:38  SCV  
  15  0:39  Barracks  
  15  0:42  Refinery  
  16  0:50  SCV  
  16  0:52  Refinery  
  17  1:02  SCV  
  18  1:14  SCV  
  19  1:26  Orbital Command  
  19  1:27  Reaper  
  19  1:28  Supply Depot  
  20  1:39  Factory  
  20  1:52  SCV  
  21  1:59  Reaper  
  22  2:04  SCV  
  23  2:15  Command Center  
  23  2:18  SCV  
  24  2:23  Hellion  
  26  2:30  SCV  
  26  2:31  Barracks Reactor  
  27  2:38  Starport  
  27  2:42  SCV  
  28  2:44  Widow Mine  
  28  2:47  Supply Depot  
  30  2:54  SCV  
  31  3:06  Factory Tech Lab  
  31  3:09  SCV, Marine x2  
  34  3:15  Refinery, Starport Tech Lab  
  34  3:21  SCV  
  34  3:24  Cyclone  
  38  3:27  Orbital Command  
  38  3:33  Marine x2  
  40  3:35  SCV  
  41  3:45  Supply Depot, Raven  
  41  3:47  SCV  
  44  3:53  SCV  
  45  3:59  SCV, Cyclone  
  49  4:05  SCV  
  49  4:07  Marine  
  49  4:09  Marine, Supply Depot  
  52  4:12  SCV  
  53  4:18  SCV  
  53  4:24  SCV  
  55  4:29  Command Center  
  55  4:33  Raven  
  55  4:35  SCV  
  58  4:39  SCV  
  58  4:41  Siege Tank  
  58  4:45  Supply Depot  
  62  4:47  Marine  
  62  4:48  Marine  
  62  4:49  SCV  
  65  4:56  SCV  
  65  4:59  Refinery  
  66  5:01  SCV  
  67  5:08  SCV  
  67  5:09  Marine x2, Supply Depot  
  67  5:13  SCV, Siege Tank  
  74  5:18  Raven  
  74  5:20  SCV  
  77  5:23  Supply Depot  
  77  5:25  SCV  
  78  5:31  Marine x2  
  78  5:32  SCV, Barracks  
  78  5:33  Barracks  
  81  5:37  SCV  
  82  5:44  SCV  
  82  5:45  Siege Tank  
  82  5:46  Supply Depot  
  82  5:49  SCV  
  87  5:56  SCV  
  88  5:59  Engineering Bay  
  88  6:01  SCV, Engineering Bay  
  90  6:05  Orbital Command  
  90  6:06  Stimpack, Marine  
  90  6:08  SCV  
  91  6:13  SCV  
  92  6:19  Siege Tank  
  92  6:20  SCV, Viking  
  92  6:22  Viking  
  92  6:25  Barracks Reactor x2  
  97  6:27  SCV  
  97  6:30  SCV  
  98  6:33  SCV  
  98  6:36  Supply Depot  
  98  6:37  Terran Infantry Weapons Level 1  
  98  6:39  Terran Infantry Armor Level 1  
  99  6:41  SCV, Marine  
  99  6:42  SCV  
  102  6:47  Supply Depot  
  102  6:51  Siege Tank  
  102  6:52  Viking  
  102  6:53  SCV  
  108  6:55  SCV  
  108  6:58  Marine  
  108  6:59  Viking  
  108  7:00  SCV  
  113  7:04  Supply Depot  
  113  7:05  Marine x3, Refinery x2  
  113  7:07  Marine  
  117  7:08  SCV  
  118  7:15  Supply Depot  
  118  7:20  SCV x2  
  120  7:23  Barracks x2  
  120  7:26  Siege Tank  
  120  7:27  SCV, Sensor Tower  
  122  7:31  Viking  
  122  7:34  Viking  
  126  7:39  Marine  
  126  7:40  Marine  
  126  7:41  SCV  
  123  7:48  SCV, Marine x2  
  123  7:50  SCV, Marine  
  123  7:57  Marine  
  123  7:58  Marine  
  119  8:00  SCV  
  119  8:03  Siege Tank, Medivac  
  117  8:06  Marine x2  
  117  8:07  Marine, Medivac  
  117  8:08  SCV  
  117  8:10  Combat Shield  
  117  8:12  Barracks Reactor  
  123  8:13  Barracks Reactor  
  123  8:15  Marine  
  123  8:16  SCV x2, Marine  
  127  8:20  Armory  
  127  8:22  SCV, Supply Depot  
  127  8:24  Marine  
  129  8:27  Marine  
  129  8:28  SCV, Marine  
  129  8:29  Supply Depot  
  129  8:32  SCV  
  129  8:33  Marine  
  134  8:34  Marine  
  134  8:35  SCV  
  134  8:36  Medivac  
  134  8:40  Command Center  
  138  8:42  Marine  
  138  8:45  Siege Tank  
  142  8:52  Marine x5  
  142  8:53  Marine  
  142  8:55  Marine, Factory  
  149  8:57  Medivac  
  149  9:01  Marine x2  
  149  9:02  Supply Depot  
  153  9:09  Marine  
  153  9:10  Marine x4, Supply Depot  
  153  9:11  Terran Infantry Weapons Level 2, Marine  
  157  9:17  Marine  
  157  9:19  Marine  
  157  9:21  Siege Tank, Marine  
  163  9:25  Medivac  
  163  9:27  Marine x2  
  163  9:28  Supply Depot  
  163  9:29  Terran Infantry Armor Level 2  
  167  9:32  Sensor Tower  
  167  9:33  Marine x3  
  167  9:34  Marine  
  167  9:35  SCV  
  167  9:36  SCV  
  167  9:38  Marine x2  
  175  9:45  Marine x2  
  175  9:51  Marine x3  
  175  9:52  Marine  
  180  9:53  Siege Tank  
  182  10:00  Marine  
  182  10:01  Marine  
  182  10:02  Viking x2  
  182  10:03  Marine x2  
  182  10:06  Barracks Reactor  
  189  10:07  Siege Tank  
  189  10:09  Marine x2  
  189  10:10  Marine x2  
  189  10:17  Marine  
  189  10:18  Marine  
  189  10:21  Marine x2  
  191  10:25  Siege Tank  
  191  10:27  Marine x3  
  191  10:28  Marine  
  197  10:30  Planetary Fortress  
  197  10:33  SCV x2  
  197  10:35  Marine  
  188  10:36  Marine  
  188  10:38  SCV, Marine  
  188  10:39  Marine, Siege Tank  
  188  10:42  Sensor Tower, Marine x2  
  192  10:44  Marine  
  192  10:45  SCV x2, Marine x3  
  198  10:50  Terran Vehicle Weapons Level 1  
  198  10:52  Viking  
  198  10:53  Marine  
  198  10:54  Marine  
  198  10:56  SCV, Marine  
  198  10:57  Marine, Siege Tank  
  178  11:00  Marine x2  
  178  11:02  SCV, Marine  
  178  11:03  SCV, Marine x2  
  170  11:06  Marine, Viking  
  170  11:11  Marine  
  169  11:12  Marine  
  169  11:13  SCV, Sensor Tower  
  169  11:14  Marine  
  169  11:15  Siege Tank  
  176  11:19  Marine  
  176  11:21  Marine x2, Refinery x2  
  176  11:25  Viking  
  181  11:31  Siege Tank  
  178  11:33  Marine x2  
  178  11:36  Marine x2  
  178  11:37  Viking  
  184  11:40  Marine x2  
  184  11:41  Marine, Missile Turret  
  184  11:46  Marine  
  182  11:47  Marine  
  182  11:50  Siege Tank, Marine  
  182  11:51  Marine x2  
  189  11:54  Marine  
  189  12:00  Marine  
  185  12:01  Marine  
  185  12:03  Siege Tank, Marine  
  185  12:06  Marine  
  185  12:07  Marine x2, Viking  
  185  12:08  Marine  
  180  12:10  Terran Infantry Weapons Level 3  
  180  12:15  Marine x2  
  179  12:16  Marine  
  179  12:21  Marine, Terran Infantry Armor Level 3  
  179  12:22  Siege Tank  
  185  12:24  Marine x4  
  176  12:30  Marine x2  
  176  12:33  Marine  
  176  12:35  Siege Tank  
  174  12:42  Marine  
  174  12:43  Marine x2  
  135  12:50  Sensor Tower  
  131  12:52  Marine x2  
  131  12:54  Siege Tank  
  131  12:55  Marine  
  137  12:59  Marine x3  
  137  13:01  SCV  
  137  13:05  Command Center  
  141  13:07  Siege Tank  
  141  13:08  Medivac x2  
  141  13:09  Orbital Command  
  148  13:14  Marine x2  
  148  13:15  Marine  
  148  13:16  Marine  
  148  13:17  Marine  
  148  13:18  Marine  
  154  13:20  Marine  
  154  13:24  Marine x2  
  154  13:25  Marine  
  158  13:32  Marine x2  
  159  13:39  Siege Tank  
  159  13:40  Marine x3  
  163  13:44  Marine  
  159  13:49  Marine x2  
  159  13:52  Marine  
  159  13:53  Orbital Command  
  151  13:55  Siege Tank  
  151  13:57  Marine x2  
  151  13:58  Marine x4  
  151  14:01  SCV  
  151  14:02  Marine  
  158  14:03  SCV  
  158  14:06  Marine  
  150  14:13  SCV, Siege Tank  
  150  14:15  SCV  
  150  14:16  Marine x4, Viking x2  
  150  14:26  Marine  
  150  14:28  Marine x2  
  150  14:29  Marine x3  
  140  14:33  Marine  
  140  14:34  Marine x2  
  140  14:38  Marine  
  142  14:45  Siege Tank, Medivac, Marine  
  145  14:52  Siege Tank, Viking, Marine  
  150  14:53  Marine  
  150  14:54  Marine  
  150  14:55  Marine  
  154  15:06  Command Center  
  154  15:13  Marine x2  
  153  15:14  Marine  
  153  15:15  Viking  
  153  15:19  Marine x2  
  151  15:25  Siege Tank  
  151  15:26  Marine x2  
  151  15:27  Marine x3  
  157  15:31  Siege Tank  
  160  15:35  Marine  
  160  15:37  Marine x2  
  163  15:49  Viking  
  165  15:54  Marine  
  165  15:55  Marine x2  
  168  15:57  Siege Tank  
  168  16:03  Siege Tank  
  174  16:04  Medivac  
  174  16:07  Sensor Tower  
  176  16:14  Marine  
  174  16:19  Marine x2  
  173  16:26  Marine  
  173  16:28  Marine  
  173  16:29  Siege Tank  
  173  16:31  Marine  
  177  16:35  Siege Tank  
  177  16:37  Marine x2  
  182  16:40  Marine  
  182  16:46  Marine  
  184  16:47  Marine  
  184  16:50  Marine x2  
  184  16:51  Marine  
  184  16:52  Medivac  
  185  16:56  Marine, Starport  
  185  17:00  Marine x3  
  187  17:01  Siege Tank  
  187  17:04  Planetary Fortress  
  190  17:10  Siege Tank  
  193  17:16  Viking  
  193  17:18  Marine  
  193  17:19  Marine x3  
  193  17:22  Marine  
  200  17:24  Marine  
  198  17:40  Marine x2  
  198  17:41  Starport Reactor  
  190  17:44  Starport  
  190  17:46  Command Center  
  189  17:57  Viking  
  180  18:02  Marine  
  181  18:06  Command Center  
  181  18:08  SCV x2  
  181  18:14  Siege Tank  
  181  18:15  Siege Tank  
  181  18:17  Marine  
  181  18:19  Viking  
  187  18:21  Viking  
  188  18:32  Starport Reactor  
  188  18:34  Liberator  
  191  18:35  Viking  
  193  18:42  Marine  
  193  18:43  Marine  
  193  18:44  Marine x2  
  194  18:48  Marine  
  194  18:49  Marine, Viking  
  185  18:55  Viking  
  186  19:04  Marine x2  
  186  19:05  Viking  
  186  19:06  Siege Tank  
  186  19:08  Armory  
  193  19:10  Viking  
  193  19:16  Viking  
  197  19:19  Viking  
  199  19:31  Siege Tank  
  194  19:36  Marine x3  
  192  19:38  Siege Tank, Liberator  
  192  19:39  Viking  
  197  19:47  Marine  
  197  19:51  Marine  
  196  19:57  Marine  
  196  19:58  Marine  
  196  19:59  Marine x4  
  153  20:00  Marine  
  153  20:03  Siege Tank  
  156  20:07  Planetary Fortress  
  156  20:08  Marine  
  156  20:09  Marine  
  156  20:10  Siege Tank  
  126  20:29  Liberator  
  126  20:32  Marine  
  126  20:34  Marine  
  130  20:36  Marine  
  130  20:38  Marine  
  132  20:44  Marine  
  132  20:46  Marine x2  
  132  20:48  Marine  
  136  20:53  Marine x2  
  137  20:58  Liberator  
  128  21:10  Marine x4  
  128  21:11  Marine x2  
  127  21:12  Marine  
  127  21:14  Marine  
  127  21:19  Marine  
  127  21:20  Marine  
  129  21:28  Marine  
  129  21:31  SCV x2  
  129  21:32  Viking  
  134  21:38  Marine x2  
  134  21:39  Marine  
  134  21:43  SCV  
  136  21:47  Siege Tank  
  134  21:55  Marine  
  134  21:58  Marine  
  134  21:59  Marine x2  
  117  22:02  Marine  
  117  22:07  Marine  
  98  22:08  Marine  
  98  22:09  Marine  
  98  22:11  Marine  
  98  22:14  Marine  
  101  22:18  Marine  
  101  22:20  Marine  
  101  22:21  Marine  
  189  22:22  Orbital Command  
  96  22:32  Orbital Command  
  90  22:37  Siege Tank, Marine x2  
  90  22:39  Marine  
  90  22:40  Marine  
  90  22:44  Marine  
  95  22:45  Marine  
  95  22:48  Marine  
  97  22:57  Marine x2  
  99  22:59  Marine  
  99  23:01  Medivac  
  101  23:06  Medivac  
  103  23:16  Marine x2, Siege Tank  
  103  23:24  Siege Tank, Marine x2  
  103  23:26  Marine  
  103  23:27  Marine  
  101  23:29  Marine  
  101  23:32  Marine x2  
  101  23:33  Marine  
  100  23:44  Marine x2  
  100  23:45  Marine x4  
  100  23:47  Marine  
  102  23:49  Marine  
  102  23:53  Marine x2  
Tags
 
Add a new tag
Caveats
  • Supply blocks, unpowered buildings, or Contaminate may cause inaccurate times.
  • Supply counts are checked every 10 seconds.